 Dungeon Crawl Stone Soup version 0.18.1-48-g4cf74bf (webtiles) character file.

1479 Darkabus the Skirmisher (level 8, -4/73 HPs)
             Began as a Hill Orc Fighter on July 27, 2016.
             Was a Believer of Nemelex Xobeh.
             Slain by a wyvern zombie (11 damage)
             ... on level 6 of the Dungeon on July 28, 2016.
             The game lasted 01:09:11 (8770 turns).

Darkabus the Skirmisher (Hill Orc Fighter)          Turns: 8770, Time: 01:09:12

Health: -4/73      AC: 14    Str: 19    XL:     8   Next: 79%
Magic:  8/8        EV:  7    Int:  8    God:    Nemelex Xobeh [**....]
Gold:   124        SH: 10    Dex: 18    Spells: 0 memorised, 7 levels left

rFire  . . .     SeeInvis .     a - +0 war axe
rCold  . . .     Gourm    .     G - +0 chain mail
rNeg   . . .     Faith    .     c - +0 shield
rPois  .         Spirit   .     (no helmet)
rElec  .         Dismiss  .     B - +1 cloak
rCorr  +         Reflect  .     v - +0 pair of gloves
SustAt .         Harm     .     (no boots)
MR     .....                    (no amulet)
Stlth  ..........               f - +6 ring of dexterity
                                C - ring of resist corrosion

@: very slightly contaminated, invisible (expiring), not resistant to hostile
enchantments, extremely unstealthy
A: no striking features
a: Renounce Religion


You were on level 6 of the Dungeon.
You worshipped Nemelex Xobeh.
Nemelex Xobeh was pleased with you.
You were not hungry.

You visited 1 branch of the dungeon, and saw 6 of its levels.

You collected 306 gold pieces.
You spent 182 gold pieces at shops.

Inventory:

Hand Weapons
 a - a +0 war axe (weapon)
 h - a +0 mace
Armour
 b - a +0 scale mail
 c - a +0 shield (worn)
 v - a +0 pair of gloves (worn)
 B - a +1 cloak (worn)
 G - a +0 chain mail (worn)
Jewellery
 f - a +6 ring of dexterity (right hand)
 n - an uncursed ring of protection from fire
 y - an uncursed ring of loudness
 z - a +1 ring of protection
 C - a ring of resist corrosion (left hand)
 I - an uncursed ring of sustain attributes
Wands
 H - a wand of lightning (10/15)
 N - a wand of random effects (31/48)
Scrolls
 o - a scroll of blinking
 q - a scroll of enchant armour
 r - 2 scrolls of fear
 t - 3 scrolls of magic mapping
 u - a scroll of amnesia
 w - a scroll of teleportation
 x - 2 scrolls of recharging
 A - 2 scrolls of noise
 D - 2 scrolls of enchant weapon
 K - 4 scrolls of remove curse
 L - 3 scrolls of identify
 O - a scroll of immolation {unknown}
 R - 2 scrolls of random uselessness
Potions
 e - a potion of cure mutation {unknown}
 g - a potion of mutation {unknown}
 j - 2 potions of agility {unknown}
 k - 2 potions of curing
 l - a potion of flight
 m - a potion of degeneration {unknown}
 J - a potion of lignification {unknown}
 P - a potion of heal wounds {unknown}
Miscellaneous
 M - a plain deck of destruction
 Q - a plain deck of war {drawn: 2}
Comestibles
 i - 2 meat rations
 p - 3 bread rations
 E - a slice of pizza
 F - 4 fruits


   Skills:
 + Level 7.2 Fighting
 + Level 5.9(6.3) Axes
 - Level 2.4(4.0) Maces & Flails
 + Level 6.6 Armour
 - Level 3.5 Dodging
 + Level 5.2 Shields


You had 7 spell levels left.
You didn't know any spells.

Dungeon Overview and Level Annotations

Branches:
Dungeon (6/15)
 Temple: D:4-7

Altars:
Nemelex Xobeh
Trog
Vehumet
Yredelemnul

Shops:
D:5 *?   D:6 :


Message History

* * * LOW HITPOINT WARNING * * *
You block the wyvern zombie's attack. You block the wyvern zombie's attack.
You block the wyvern zombie's attack. You block the wyvern zombie's attack.
The wyvern zombie bites you.
* * * LOW HITPOINT WARNING * * *
You block the wyvern zombie's attack.
The wyvern zombie bites you but does no damage.
You block the wyvern zombie's attack. The wyvern zombie bites you.
* * * LOW HITPOINT WARNING * * *
You flicker for a moment.
You block the wyvern zombie's attack.
You draw a card...
It is Degeneration.
The deck of cards disappears without a trace.
The wyvern zombie is dazed by the mutagenic energy.
The wyvern zombie is lost in a daze.
You open the door. The wyvern zombie bites you!
You die...
Your body glows slightly and disappears.

#.#####.......##.#.# #...
#.#..............#.# #...
#.#.###.####.....#.# #...
#.#.#<#.# #....##.# ###...
#.#.#.#.# #######.# #.....
#.#.#.#.# #.....# #....#
#(#.#...# #.....# #....#
#.#.##########.....# #....#
#.#........Z@'.....# ##....#
#.############....## #.....#
#.....########....#####.....#
######........................
#.....>.......................
#..∩.....######....#####...###
#........# #....# #...# #
#........######....## #...# #
#...................# #...# #


You could see a wyvern zombie (dazed).

Vanquished Creatures
  A warg (D:6)
  A necrophage (D:6)
  A centaur (D:5)
  2 scorpions (D:6)
  A howler monkey (D:6)
  A jelly (D:6)
  A giant frog zombie (D:6)
  A centaur skeleton (D:5)
  2 hounds
  3 orc priests
  6 orc wizards
  A giant frog skeleton (D:5)
  Crazy Yiuf (D:3)
  2 iguanas
  7 worker ants
  A howler monkey zombie (D:5)
  8 gnolls
  2 howler monkey skeletons
  9 adders
  4 river rats (D:6)
  A shadow imp (D:5)
  An ooze (D:3)
  An adder skeleton (D:6)
  4 worms
  A dart slug (D:3)
  8 giant geckos
  19 orcs
  9 bats
  2 giant cockroaches
  8 goblins
  8 hobgoblins
  16 jackals
  9 kobolds
  A quokka (D:6)
  A ball python (D:3)
  4 giant newts
  A jackal skeleton (D:4)
  8 rats
157 creatures vanquished.

Vanquished Creatures (collateral kills)
  An orc wizard (D:5)
  A shadow imp (D:5)
  An orc (D:6)
  A giant gecko skeleton (D:5)
4 creatures vanquished.

Grand Total: 161 creatures vanquished

Notes
Turn   | Place    | Note
--------------------------------------------------------------
     0 | D:1      | Darkabus the Hill Orc Fighter began the quest for the Orb.
     0 | D:1      | Reached XP level 1. HP: 19/19 MP: 1/1
   158 | D:1      | Reached XP level 2. HP: 22/27 MP: 2/2
   819 | D:2      | Found a radiant altar of Vehumet.
   944 | D:2      | Reached skill level 1 in Dodging
   944 | D:2      | Reached XP level 3. HP: 33/33 MP: 3/3
  1208 | D:2      | Reached skill level 4 in Fighting
  1385 | D:2      | Found a bloodstained altar of Trog.
  1385 | D:2      | Found a sparkling altar of Nemelex Xobeh.
  1404 | D:2      | Became a worshipper of Nemelex Xobeh the Trickster
  1441 | D:2      | Reached XP level 4. HP: 39/40 MP: 4/4
  1472 | D:2      | Received a gift from Nemelex Xobeh
  2304 | D:3      | Reached XP level 5. HP: 43/47 MP: 5/5
  2875 | D:3      | Noticed Crazy Yiuf
  3264 | D:3      | Killed Crazy Yiuf
  3571 | D:4      | Reached XP level 6. HP: 49/55 MP: 6/6
  3724 | D:4      | Reached * piety under Nemelex Xobeh
  3866 | D:4      | Reached skill level 5 in Fighting
  4478 | D:4      | Reached XP level 7. HP: 42/61 MP: 7/7
  4907 | D:4      | Reached skill level 5 in Armour
  5451 | D:4      | Reached skill level 1 in Maces & Flails
  5758 | D:5      | Entered Level 5 of the Dungeon
  5772 | D:5      | Received a gift from Nemelex Xobeh
  6327 | D:5      | Reached skill level 6 in Fighting
  6357 | D:5      | Found a basalt altar of Yredelemnul.
  6626 | D:5      | Found Toapaheb's General Store.
  6699 | D:5      | Bought a scroll of remove curse for 33 gold pieces
  6740 | D:5      | Reached XP level 8. HP: 68/70 MP: 8/8
  6810 | D:5      | Found Joufiseb's Magic Scroll Shoppe.
  6823 | D:5      | Bought a scroll of magic mapping for 45 gold pieces
  6823 | D:5      | Bought a scroll of remove curse for 39 gold pieces
  6823 | D:5      | Bought a scroll of identify for 26 gold pieces
  6823 | D:5      | Bought a scroll of remove curse for 39 gold pieces
  7085 | D:6      | Received a gift from Nemelex Xobeh
  7432 | D:6      | Reached ** piety under Nemelex Xobeh
  7551 | D:6      | Reached skill level 5 in Axes
  7715 | D:6      | Reached skill level 7 in Fighting
  7715 | D:6      | Reached skill level 5 in Shields
  8428 | D:6      | Received a gift from Nemelex Xobeh
  8568 | D:6      | Found Ivviwohe's Book Shop.
  8724 | D:6      | HP: 2/73 [wyvern zombie (5)]
  8736 | D:6      | HP: 3/73 [wyvern zombie (1)]
  8770 | D:6      | Slain by a wyvern zombie

Skill      XL: |  1  2  3  4  5  6  7  8 |
---------------+-------------------------+-----
Axes           | 3 4 5 |  5.9
Dodging        | 1 2 3 |  3.5
Fighting       | 4 5 6 7 |  7.2
Armour         | 4 5 6 |  6.6
Maces & Flails | 2 |  2.4
Shields        | 4 5 |  5.2

Action                   |  1- 3 |  4- 6 |  7- 9 || total
-------------------------+-------+-------+-------++-------
Melee: War axe           |   114 |   108 |   163 ||   385
       Mace              |       |   167 |   205 ||   372
Throw: Tomahawk          |       |     5 |       ||     5
Evoke: Deck              |       |     1 |    11 ||    12
  Use: Scroll            |       |    11 |     5 ||    16
       Potion            |       |     1 |     2 ||     3
  Eat: Bread ration      |     1 |     1 |       ||     2
       Meat ration       |       |     1 |     3 ||     4
Armor: Scale mail        |    66 |   155 |     4 ||   225
       Chain mail        |       |       |   261 ||   261
Dodge: Dodged            |    48 |   108 |   129 ||   285
Block: Shield            |    91 |   144 |   269 ||   504
